Map: [ESL] Oceanborn

Players

LiquidMaNa (MaNa)

  • Race: Protoss Protoss
  • League: Grandmaster
  • Spawn Location: 5:00

HeroMarine - Winner!

  • Race: Terran Terran
  • League: Grandmaster
  • Spawn Location: 11:00

Event: HomeStory Cup XXV

VOD

Have the link to the VOD?

Description

Time

  • Played on: June 23, 2024, 10:14 a.m.
  • Length: 14:07

All games in this series

Show
View Real Time Build Order
Export as new Build Order

LiquidMaNa Protoss 

Build Orders: 1 Gate Expand, Oracle Opening, Phoenix Opening, Colossus Rush 

Get SALT Encoding   

  12  0:00  Probe  
  13  0:12  Probe  
  14  0:17  Pylon  
  14  0:24  Probe (Chrono Boost)  
  15  0:35  Gateway  
  15  0:36  Probe (Chrono Boost)  
  16  0:44  Probe (Chrono Boost)  
  16  0:45  Assimilator  
  17  0:50  Probe  
  18  1:03  Probe  
  19  1:15  Probe  
  20  1:22  Cybernetics Core  
  20  1:34  Nexus  
  20  1:41  Pylon  
  20  1:43  Probe  
  21  1:52  Assimilator  
  21  1:55  Probe  
  21  1:56  Adept (Chrono Boost)  
  24  2:08  Probe (Chrono Boost)  
  25  2:15  Stargate  
  25  2:20  Probe (Chrono Boost)  
  25  2:22  Adept  
  28  2:28  Probe (Chrono Boost)  
  29  2:34  Probe  
  30  2:39  Warp Gate  
  30  2:45  Probe  
  30  2:46  Probe  
  32  2:52  Adept  
  34  3:00  Probe  
  34  3:01  Oracle (Chrono Boost)  
  38  3:07  Probe  
  38  3:12  Probe  
  40  3:17  Pylon  
  40  3:19  Probe  
  41  3:24  Probe  
  41  3:25  Gateway  
  42  3:30  Phoenix  
  44  3:37  Probe (Chrono Boost)  
  44  3:38  Probe (Chrono Boost)  
  44  3:40  Assimilator  
  46  3:42  Assimilator  
  46  3:44  Robotics Facility  
  47  3:49  Probe (Chrono Boost)  
  47  3:54  Probe (Chrono Boost)  
  48  3:56  Pylon, Probe (Chrono Boost)  
  48  4:01  Probe  
  52  4:09  Phoenix, Probe  
  53  4:13  Probe  
  53  4:16  Shield Battery  
  54  4:20  Pylon  
  54  4:21  Probe  
  55  4:25  Probe  
  55  4:27  Sentry  
  58  4:32  Zealot, Robotics Bay  
  58  4:33  Probe  
  58  4:35  Pylon  
  58  4:37  Probe  
  62  4:40  Immortal (Chrono Boost)  
  66  4:48  Probe  
  66  4:49  Pylon  
  66  4:51  Probe  
  66  4:52  Sentry  
  70  5:00  Probe  
  70  5:03  Probe  
  70  5:05  Pylon  
  72  5:12  Observer (Chrono Boost), Probe  
  74  5:14  Nexus  
  74  5:16  Probe  
  75  5:22  Colossus (Chrono Boost)  
  81  5:28  Zealot  
  80  5:40  Stalker  
  80  5:42  Probe x2  
  82  5:50  Phoenix  
  82  5:52  Nexus  
  82  5:53  Pylon  
  82  5:54  Probe x2  
  86  6:08  Colossus (Chrono Boost)  
  86  6:10  Pylon  
  86  6:13  Sentry  
  86  6:15  Probe  
  94  6:21  Twilight Council  
  94  6:22  Forge  
  94  6:28  Probe  
  94  6:30  Extended Thermal Lance  
  94  6:32  Probe  
  96  6:40  Probe  
  96  6:42  Gateway  
  96  6:45  Gateway  
  96  6:46  Phoenix (Chrono Boost)  
  97  6:47  Gateway, Protoss Ground Weapons Level 1 (Chrono Boost)  
  97  6:50  Gateway  
  99  6:56  Pylon  
  99  6:58  Charge  
  99  7:01  Probe  
  99  7:03  Probe  
  99  7:04  Probe  
  102  7:13  Probe  
  102  7:14  Pylon  
  102  7:15  Probe  
  104  7:18  Colossus (Chrono Boost)  
  104  7:21  Probe  
  111  7:25  Probe  
  111  7:27  Probe  
  113  7:33  Probe  
  114  7:37  Probe  
  114  7:38  Assimilator  
  114  7:39  Probe  
  114  7:40  Assimilator, Templar Archives  
  116  7:44  Shield Battery  
  116  7:45  Probe, Photon Cannon  
  116  7:47  Shield Battery  
  116  7:49  Probe  
  118  7:54  Photon Cannon  
  118  7:56  Nexus  
  118  8:00  Pylon, Psionic Storm  
  118  8:01  Zealot x2  
  118  8:03  Observer  
  123  8:08  Zealot x2  
  123  8:12  Pylon  
  127  8:25  Zealot x4  
  135  8:28  High Templar x2  
  139  8:36  Gateway  
  139  8:37  Gateway  
  136  8:45  High Templar x2  
  139  8:50  Warp Prism (Chrono Boost)  
  141  8:57  Nexus  
  141  8:59  Pylon, Protoss Ground Weapons Level 2 (Chrono Boost)  
  141  9:04  Pylon  
  141  9:06  Pylon  
  141  9:18  Stalker x4  
  141  9:22  Immortal (Chrono Boost)  
  141  9:23  Pylon  
  153  9:25  Zealot x2  
  153  9:26  Pylon  
  138  9:38  Archon  
  138  9:39  Archon  
  138  9:40  Zealot x2  
  138  9:42  Zealot x4  
  120  9:52  Immortal  
  120  9:56  High Templar x2  
  128  10:04  Nexus  
  128  10:09  Zealot x6  
  128  10:15  Pylon  
  126  10:29  High Templar x4, Colossus (Chrono Boost)  
  126  10:30  Zealot x4  
  126  10:53  Zealot x4  
  126  10:54  Probe  
  99  11:05  Stalker x4  
  106  11:15  High Templar x4  
  106  11:16  Probe x2  
  116  11:19  Warp Prism (Chrono Boost)  
  116  11:20  Probe  
  116  11:21  Protoss Ground Weapons Level 3 (Chrono Boost)  
  119  11:28  Probe  
  119  11:31  Nexus  
  120  11:38  Shield Battery  
  120  11:40  Photon Cannon  
  120  11:41  Blink (Chrono Boost)  
  120  11:42  Sentry  
  122  11:47  Gravitic Drive  
  122  11:51  Probe x2  
  124  11:57  Zealot x4  
  132  12:03  Zealot x3  
  113  12:08  Zealot  
  113  12:10  Archon  
  113  12:11  Warp Prism (Chrono Boost)  
  108  12:19  Stalker x2  
  108  12:20  Zealot  
  104  12:23  Probe  
  104  12:28  Stalker x2  
  107  12:30  Probe x2  
  107  12:33  Zealot  
  107  12:35  Probe  
  107  12:38  Probe  
  107  12:42  Probe x2  
  107  12:44  Probe  
  107  12:46  Observer (Chrono Boost)  
  107  12:48  Probe  
  107  12:49  High Templar x3  
  107  12:50  Probe  
  117  12:54  Probe x2  
  117  12:56  Zealot, Probe  
  117  12:57  Zealot  
  124  13:00  Probe  
  124  13:02  High Templar, Probe  
  126  13:17  Zealot x3  
  128  13:25  Zealot x4  
  133  13:28  Archon  
  124  13:36  Probe x2  
  132  13:44  High Templar x2  
  132  13:47  Zealot x6  
Show
View Real Time Build Order
Export as new Build Order

HeroMarine Terran - Winner!

Build Orders: Reaper Expand 

Get SALT Encoding   

  12  0:00  SCV  
  13  0:12  SCV  
  14  0:17  Supply Depot  
  14  0:24  SCV  
  15  0:38  SCV  
  15  0:40  Barracks  
  15  0:42  Refinery  
  16  0:50  SCV  
  17  1:02  SCV  
  18  1:14  SCV  
  19  1:27  Orbital Command, Reaper  
  20  1:39  Command Center  
  20  1:48  Supply Depot  
  20  1:52  SCV  
  21  1:59  Barracks Reactor  
  21  2:05  SCV  
  22  2:17  SCV  
  22  2:20  Command Center  
  23  2:29  SCV  
  24  2:30  Barracks  
  24  2:36  Marine x2  
  26  2:41  SCV  
  27  2:47  Barracks  
  27  2:53  SCV  
  27  2:54  Marine x2  
  30  3:03  Orbital Command  
  30  3:06  SCV  
  30  3:11  Marine  
  30  3:12  Marine  
  33  3:17  Barracks Tech Lab  
  33  3:18  SCV  
  34  3:29  SCV, Marine x2  
  34  3:30  SCV  
  38  3:35  Barracks Tech Lab, Stimpack  
  38  3:36  Marine  
  38  3:40  Orbital Command  
  38  3:42  SCV x2  
  38  3:47  Marine x2  
  42  3:54  SCV x2  
  42  3:55  Marine, Engineering Bay  
  45  3:56  Marine  
  45  4:01  Combat Shield  
  46  4:06  SCV x2  
  46  4:08  Marine x2  
  49  4:13  Supply Depot, SCV, Marine  
  49  4:16  Marine  
  52  4:18  SCV x2  
  54  4:26  Supply Depot  
  54  4:27  SCV, Refinery  
  54  4:30  SCV x2  
  54  4:31  Missile Turret  
  57  4:32  Marine x3  
  57  4:36  Missile Turret  
  60  4:39  Terran Infantry Weapons Level 1  
  60  4:42  SCV x2, Marine  
  60  4:43  SCV  
  63  4:49  Marine, Factory  
  63  4:51  Marine x2  
  66  4:56  SCV x3  
  68  5:00  Marine, Refinery  
  68  5:01  Refinery  
  68  5:02  Orbital Command  
  69  5:09  SCV x2, Barracks x2  
  69  5:13  Marine x3  
  74  5:18  Marine  
  74  5:19  Supply Depot  
  75  5:21  SCV  
  75  5:22  Supply Depot, SCV  
  77  5:35  SCV x2  
  77  5:37  Marauder  
  77  5:38  Marauder  
  77  5:40  Marine  
  77  5:41  Marine  
  77  5:42  SCV  
  77  5:47  SCV x2, Starport  
  77  5:48  Factory Reactor  
  79  5:52  Missile Turret  
  79  5:54  SCV, Concussive Shells  
  80  5:59  SCV x2, Marauder  
  80  6:00  Marauder  
  84  6:04  Barracks Tech Lab, Barracks Reactor  
  84  6:05  Marine  
  84  6:06  SCV, Marine  
  84  6:09  Supply Depot  
  87  6:11  SCV x2  
  89  6:18  SCV  
  89  6:20  Marauder  
  89  6:21  Supply Depot  
  89  6:22  Supply Depot  
  89  6:23  SCV  
  93  6:26  Starport  
  93  6:29  SCV  
  93  6:31  SCV, Marauder  
  96  6:33  Factory Reactor  
  96  6:35  SCV, Marauder  
  96  6:38  Medivac  
  96  6:39  Marine  
  101  6:42  Marine, Medivac  
  101  6:43  Marauder  
  101  6:45  Terran Infantry Armor Level 1  
  108  6:52  Supply Depot  
  108  6:53  Supply Depot  
  108  6:54  Marauder  
  108  6:57  Supply Depot, Marauder  
  110  7:04  Marauder  
  110  7:06  SCV  
  110  7:08  SCV x2, Medivac  
  117  7:09  Refinery x2  
  117  7:14  Medivac  
  119  7:18  SCV  
  119  7:19  Supply Depot  
  119  7:21  Supply Depot, Viking x2  
  124  7:23  Marauder x2  
  124  7:26  Marine, Marauder  
  124  7:27  Marine  
  124  7:28  Marine  
  132  7:31  Marine  
  133  7:38  Viking  
  133  7:44  Marine, Viking  
  137  7:47  Supply Depot  
  137  7:49  Marauder x2  
  137  7:51  Viking x2  
  144  7:57  SCV  
  147  8:02  Marauder  
  149  8:07  Marine x3  
  149  8:08  Marine, Viking  
  149  8:10  Supply Depot x2, Marauder  
  149  8:11  Marauder  
  159  8:13  Viking  
  161  8:23  Viking x2  
  165  8:28  Command Center  
  165  8:31  SCV  
  165  8:32  Marauder  
  165  8:33  Armory  
  172  8:34  Marauder x2  
  172  8:35  Engineering Bay  
  172  8:39  Viking  
  174  8:47  Supply Depot  
  174  8:49  Supply Depot  
  174  8:50  Viking  
  174  8:53  Marauder  
  174  8:55  Supply Depot, Marauder  
  180  9:06  SCV  
  180  9:08  Sensor Tower  
  180  9:09  SCV x2, Marauder  
  185  9:12  Medivac  
  185  9:13  Medivac  
  189  9:19  Marine  
  189  9:20  Marine  
  189  9:22  Barracks  
  189  9:23  Barracks  
  191  9:24  Marine x2  
  191  9:25  Barracks  
  193  9:34  Marauder x2  
  193  9:35  Marine  
  193  9:37  Marine, Ghost Academy  
  178  9:42  Marine x2  
  178  9:44  Marine  
  141  9:52  Medivac x2  
  129  9:54  Marauder  
  129  9:55  Marine, Marauder  
  129  9:56  Marine  
  131  10:00  Marine x2  
  131  10:02  Marine  
  128  10:13  Marine x3, Marauder  
  128  10:14  Marine  
  119  10:15  Marauder  
  119  10:16  Ghost  
  119  10:18  Marine x2  
  119  10:19  Marine  
  119  10:20  Terran Infantry Armor Level 2, Terran Infantry Weapons Level 2  
  127  10:22  Planetary Fortress, Terran Ship Weapons Level 1  
  127  10:30  Marine  
  127  10:34  Marine x2, Ghost  
  132  10:36  Marine, Ghost  
  132  10:40  Marine x3  
  138  10:44  Ghost  
  138  10:47  SCV x2  
  138  10:48  SCV, Marine  
  123  10:52  Marine x2  
  123  10:54  Marine  
  113  10:58  Marine x3  
  113  10:59  SCV x2  
  113  11:00  SCV  
  120  11:07  Ghost  
  120  11:08  Ghost  
  126  11:13  Missile Turret, Ghost  
  126  11:14  Barracks Tech Lab, Barracks Reactor  
  126  11:17  Barracks Tech Lab, Marine x4  
  129  11:28  Medivac x2  
  129  11:29  Medivac x2  
  137  11:35  Marauder  
  137  11:36  Marauder  
  137  11:37  Marine x2, Marauder x2  
  137  11:38  Marine x2  
  149  11:42  Marauder  
  149  11:45  Command Center  
  151  11:48  Factory Reactor  
  151  11:51  Marine x2  
  153  11:55  Marine  
  153  11:57  Marauder x2  
  153  11:58  Marauder x2  
  153  12:00  Marine x2  
  161  12:04  Marauder  
  139  12:15  Marine x2  
  137  12:16  Marine x2  
  137  12:18  Marine, Marauder x2  
  137  12:20  Marauder x2, Viking x2  
  137  12:21  Viking x2  
  156  12:29  Marauder  
  152  12:40  Marauder x2  
  152  12:41  Marauder x2  
  152  12:44  Marine x2  
  155  12:48  Marine x2, Widow Mine x2  
  155  12:49  Viking  
  155  12:50  Viking  
  155  12:51  Marauder  
  169  13:01  Marauder x2, Viking  
  169  13:02  Marauder, Viking  
  181  13:05  Marauder  
  181  13:11  Marine x2  
  181  13:12  Marauder  
  185  13:14  Marine  
  185  13:16  Missile Turret  
  184  13:21  Marine  
  184  13:22  Marine x2, Marauder x2  
  184  13:24  Marauder  
  191  13:34  Marine x2, Marauder x2  
  195  13:44  Marauder  
Tags
 
Add a new tag
Caveats
  • Supply blocks, unpowered buildings, or Contaminate may cause inaccurate times.
  • Supply counts are checked every 10 seconds.